 Dungeon Crawl Stone Soup version 0.32-a0-12-g7fc57aa741 (console) character file.

Game seed: 1019075805849394850

9 petzl the Sneak (level 2, 0/22 (24) HPs)
             Began as a Formicid Delver on Jan 14, 2024.
             Slain by a gnoll bouda
             ... wielding a +0 whip
              (9 damage)
             ... on level 5 of the Dungeon.
             The game lasted 00:01:20 (115 turns).

petzl the Sneak (Formicid Delver)                    Turns: 115, Time: 00:01:21

HP:   0/22 (24)     AC:  3    Str: 16    XL:     2   Next: 20%
MP:   4/4           EV: 12    Int:  9    God:
Gold: 0             SH:  0    Dex: 15    Spells: 4/4 levels left

rFire   . . .        a - +0 mace
rCold   . . .        (no shield)
rNeg    . . .        b - +0 leather armour
rPois   .            (helmet unavailable)
rElec   .            (no cloak)
rCorr   .            (no gloves)
SInv    +            (no boots)
Will    .....        (no amulet)
Stlth   +++          (no ring)
HPRegen 0.23/turn    (no ring)
MPRegen 0.09/turn

%: no passive effects
@: weakened, drained
A: permanent stasis, dig shafts and tunnels, antennae 3, four strong arms
a: Dig, Shaft Self


You were on level 5 of the Dungeon.
You visited 1 branch of the dungeon, and saw 2 of its levels.

Inventory:

Hand Weapons
 a - a +0 mace (weapon)
Armour
 b - a +0 leather armour (worn)
Wands
 f - a wand of digging (3)
Scrolls
 c - a scroll of fog
 d - a scroll of revelation
 e - a scroll of fear


   Skills:
 - Level 3.2 Fighting
 - Level 2.0 Maces & Flails
 - Level 1.7 Dodging
 - Level 6.0 Stealth
 + Level 1.7 Spellcasting


You had 4 spell levels left.
You didn't know any spells.
Your spell library was empty.

Dungeon Overview and Level Annotations

Branches:
Dungeon (6/15)
 Temple: D:4-7

Altars:

Shops:
D:6 !

Annotations:
D:5 exclusions: downstairs, iguana and sensed monster (detected)


Innate Abilities, Weirdness & Mutations

You cannot be hasted, slowed, berserked, paralysed or teleported.
You can dig through walls and to a lower floor.
You have a pair of large antennae on your head. (SInv)
Your four strong arms can wield two-handed weapons with a shield.


Message History

Unknown command.
Magic restored.
An iguana comes into view.
Press: ? - help, . - travel You can't see that place. [the floor.] Placed new exclusion.
Unknown command.
You sense a monster nearby.
Press: ? - help, . - travel You can't see that place.
Placed new exclusion.
Unknown command.
You sense a monster nearby.
A quokka, a scorpion and a white imp come into view.
There is a stone staircase leading down here.
You sense a monster nearby.
Really walk into a travel-excluded area?
A gnoll bouda and 4 gnolls come into view.
The gnoll shouts! x3
The gnoll barely misses you.
An iguana comes into view.
The gnoll closely misses you.
Found a stone staircase leading up.
The iguana bites you.
You completely miss the iguana.
The iguana hisses menacingly.
The iguana closely misses you. The gnoll hits you but does no damage.
The iguana bites you!
The gnoll bouda shouts!
You hit the iguana.
The iguana is heavily wounded.
The iguana bites you.
You extend your mandibles.
You dig through the rock wall.
You feel drained. The iguana bites you.
You retract your mandibles.
Found a dagger.
The iguana bites you.
The gnoll bouda gazes fiercely through you!
You feel your attacks grow feeble.
The gnoll bouda attacks as it pursues you!
The gnoll bouda hits you with a +0 whip!
You die...

.. ). .. ...
{##.#.#. ....#. #
###..##.##
############
#..... ..# ..
l.......#
#<.###.# .# #.#
#.@g##.###.# #.#
#..l.g.....# #.#
######.##.## #..
#.##.# ### #{##.#
# #g##.# # #{##.#
#
#g##.############
.g#.#..........>.
##.############
###


You could see a gnoll bouda, an iguana and a gnoll.

Vanquished Creatures
  An adder (D:5)
1 creature vanquished.

Notes
Turn   | Place    | Note
-------+----------+-------------------------------------------
     0 | D:5      | petzl the Formicid Delver began the quest for the Orb.
     0 | D:5      | Reached XP level 1. HP: 18/18 MP: 1/1
     3 | D:6      | Found Iwephiox's Distillery.
     4 | D:6      | Noticed a hound
    12 | D:5      | Reached skill level 1 in Spellcasting
    12 | D:5      | Reached XP level 2. HP: 24/24 MP: 1/4
    76 | D:5      | Noticed a scorpion
   115 | D:5      | Slain by a gnoll bouda

Illustrated notes

Levels and vault maps discovered:
D:5:      layout_loops_ring, serial_shops, shop, uniq_duvessa
D:6:      layout_rooms, mainiacjoe_overflow_alcove_2, minitemple, serial_shops,
          nicolae_shop_advertising_works [nicolae_subvault_shop_adworks],
          dk_noncrumbling_2

Skill      XL: |  1 |
---------------+----+-----
Spellcasting   | 1 |  1.7
Fighting       | |  3.2
Maces & Flails | |  2.0
Dodging        | |  1.7
Stealth        | |  6.0

Action                     || total
---------------------------++-------
  Melee: Mace              ||     6
Ability: Dig               ||     1
 Armour: Leather armour    ||     9
  Dodge: Dodged            ||     7

Table legend: (Time is in decaauts)
 A = Elapsed time spent in this place.
 B = Non-inter-level travel time spent in this place.
 C = Inter-level travel time spent in this place.
 D = Time resting spent in this place.
 E = Time spent auto-exploring this place.
 F = Levels seen in this place.
 G = Mean time per level.
                   A        B        C        D        E       F      G
               +--------+--------+--------+--------+--------+-----+--------+
         Total |    117 |    117 |      0 |      0 |     50 |   2 |   58.5 |
       Dungeon |    117 |    117 |      0 |      0 |     50 |   2 |   58.5 |
               +--------+--------+--------+--------+--------+-----+--------+

Top non-repeatable levels by time:
     D:5: 113 daAuts
     D:6: 3 daAuts
